 Dungeon Crawl Stone Soup version 0.31-a0-271-gb88eb75e06 (webtiles) character file.

Game seed: 12000163560534726660

2101 cforsyth the Grappler (level 9, 0/84 HPs)
             Began as a Meteoran Shapeshifter on July 15, 2023.
             Slain by a gnoll sergeant
             ... wielding a +0 spear
              (6 damage)
             ... on level 8 of the Dungeon.
             The game lasted 00:13:28 (2330 turns).

cforsyth the Grappler (Meteoran Shapeshifter)       Turns: 2330, Time: 00:13:29

Health: 0/84       AC: 10    Str: 22    XL:     9   Next: 82%
Magic:  10/10      EV:  9    Int:  9    God:
Gold:   1113       SH:  0    Dex: 21    Spells: 8/8 levels left

rFire   . .          .
                       - Unarmed
rCold   + . .        (no shield)
rNeg    . . .        m - +2 chain mail {rC+}
rPois   .            (helmet currently unavailable)
rElec   .            (cloak currently unavailable)
rCorr   .            (gloves currently unavailable)
SInv    .            (boots currently unavailable)
Will    ++...        d - amulet of regeneration Stlth
                     i - +6 ring of dexterity
HPRegen 1.14/turn    o - ring of willpower
MPRegen 0.12/turn

%: no passive effects
@: beast-form, glowing
A: beast (slay +2), sense surroundings 2, otherworldly, glowing, explore regen
a: Begin Untransformation


You were on level 8 of the Dungeon.
You were a hulking beast.
You visited 1 branch of the dungeon, and saw 8 of its levels.
You also visited: Bailey.

You collected 1113 gold pieces.

Inventory:

Hand Weapons
 n - the +6 dagger of the World {heavy, *Slow rElec rPois SInv}
   (You found it on level 4 of the Dungeon)

   rElec:     It insulates you from electricity.
   rPois:     It protects you from poison.
   SInv:      It lets you see invisible.
   *Slow:     It may slow you when you take damage.
Armour
 a - a +0 animal skin
 e - a +0 leather armour of willpower
 m - a +2 chain mail of cold resistance (worn)
Jewellery
 d - an amulet of regeneration (around neck)
 i - a +6 ring of dexterity (left hand)
 l - a +6 ring of dexterity
 o - a ring of willpower (right hand)
Talismans
 c - a beast talisman
Wands
 v - a wand of iceblast (10)
Scrolls
 f - a scroll of vulnerability {unknown}
 g - 3 scrolls of teleportation
 j - a scroll of amnesia
 p - 2 scrolls of enchant weapon {unknown}
 r - a scroll of enchant armour {unknown}
 s - a scroll of brand weapon {unknown}
 y - a scroll of fear
Potions
 b - a potion of cancellation
 h - 2 potions of magic {unknown}
 k - 2 potions of might {unknown}
 q - a potion of haste
 t - 2 potions of resistance
 u - 2 potions of brilliance {unknown}
 w - a potion of heal wounds
 x - a potion of mutation {unknown}
 z - a potion of ambrosia {unknown}


   Skills:
 + Level 9.5 Fighting
 - Level 2.4 Dodging
 + Level 10.4 Unarmed Combat
 - Level 3.6 Shapeshifting


You had 8 spell levels left.
You didn't know any spells.
Your spell library contained the following spells:

 Spells                   Type           Power      Damage    Failure   Level
 Magic Dart               Conj           0%         1d3       97%         1
 Shock                    Conj/Air       0%         1d3       97%         1
 Sting                    Tmut/Pois      0%         1d3       97%         1
 Call Imp                 Summ           0%         N/A       99%         2
 Poisonous Vapours        Pois/Air       0%         N/A       99%         2
 Gell's Gravitas          Tloc           0%         N/A       100%        3
 Mephitic Cloud           Conj/Pois/Air  0%         N/A       100%        3
 Summon Guardian Golem    Hex/Summ       0%         N/A       100%        3
 Swiftness                Air            0%         N/A       100%        3
 Teleport Other           Tloc           0%         N/A       100%        3
 Airstrike                Air            0%         2d(0-16)  100%        4
 Olgreb's Toxic Radiance  Pois           0%         N/A       100%        4
 Dispersal                Tloc           0%         N/A       100%        6
 Orb of Destruction       Conj           0%         9d5       100%        7
 Spellforged Servitor     Conj/Summ      0%         N/A       100%        7


Dungeon Overview and Level Annotations

Branches:
Dungeon (8/15) Zot: 2754   Bailey (visited)
 Temple: D:4-7         Lair: D:8-11

Altars:
Fedhas
The Shining One


Innate Abilities, Weirdness & Mutations

You are a hulking beast.
Your limbs bulge with bestial killing power. (Slay +2)
You passively map the area around you.
You are easily found by Zot.
You glow in the dark.
You regain HP and MP as you explore.


Message History

* * * LOW HITPOINT WARNING * * *
You hit the gnoll sergeant but do no damage.
The gnoll sergeant is lightly wounded.
The gnoll sergeant barely misses you.
You hit the gnoll sergeant.
The gnoll sergeant is lightly wounded.
The gnoll sergeant hits you with a +0 spear.
* * * LOW HITPOINT WARNING * * *
The gnoll sergeant blocks your attack.
Your punch misses the gnoll sergeant.
The gnoll sergeant is lightly wounded.
You barely miss the gnoll sergeant.
The gnoll sergeant is lightly wounded.
The gnoll sergeant hits you but does no damage.
You completely miss the gnoll sergeant.
The gnoll sergeant is lightly wounded.
The gnoll sergeant hits you with a +0 spear!
* * * LOW HITPOINT WARNING * * *
You punch the gnoll sergeant!
The gnoll sergeant is heavily wounded.
The gnoll sergeant closely misses you.
Press: ? - help, v - describe, . - travel
Here: a gnoll sergeant, wielding a +0 spear, wearing a +0 scale mail and wearing a +0 buckler (heavily wounded)
The floor, spattered with blood.
You hit the gnoll sergeant.
The gnoll sergeant is severely wounded.
The gnoll sergeant barely misses you.
You hit the gnoll sergeant.
The gnoll sergeant is almost dead.
You hit the gnoll sergeant but do no damage.
The gnoll sergeant is almost dead.
The gnoll sergeant hits you with a +0 spear!
* * * LOW HITPOINT WARNING * * *
You barely miss the gnoll sergeant.
The gnoll sergeant is almost dead.
The gnoll sergeant hits you with a +0 spear.
* * * LOW HITPOINT WARNING * * *
The gnoll sergeant blocks your attack.
The gnoll sergeant is almost dead.
The gnoll sergeant hits you with a +0 spear.
You die...

...._.# , * * , ,,, **
..#...#* * * ##.# * *
.8##### * $..## * .##
#.* **#...# , .# #.
#...### , .# ###.###
#...... ,* , ## #
.....######...####. *
.#
#.###.#.##g..........#
* .#
#........h.....)......
, , .##
#..#....##............,
..##
#..#....######........
, , ...## #.......#
#...####. ....#
####..### #...# *, ,
....## ####..# #..## ,
, #....# #...†.#####
##.# * , .#.
##...#####.......# *.#*
... #.....# #..####.# ,
...


You could see a gnoll sergeant.

Vanquished Creatures
  A hornet (D:7)
  A water moccasin (D:7)
  2 sky beasts
  2 black bears
  3 orc warriors (Bailey)
  An ogre (D:6)
  2 centaurs
  A bullfrog (D:8)
  Blork the orc (D:5)
  A gnoll sergeant (D:7)
  2 howler monkeys
  4 orc priests
  A jelly (D:7)
  A sleepcap (D:7)
  3 iguanas
  4 orc wizards
  15 gnolls
  4 adders
  2 white imps (D:8)
  4 ufetubi
  3 dart slugs
  21 orcs
  2 endoplasms
  7 goblins
  5 hobgoblins
  11 kobolds
  A quokka (D:2)
  A ball python (D:3)
  3 frilled lizards
  2 rats
111 creatures vanquished.

Vanquished Creatures (others)
  An orc (D:7)
1 creature vanquished.

Grand Total: 112 creatures vanquished

Notes
Turn   | Place    | Note
-------+----------+-------------------------------------------
     0 | D:1      | cforsyth the Meteoran Shapeshifter began the quest for the
                  | Orb.
     0 | D:1      | Reached XP level 1. HP: 17/17 MP: 2/2
   185 | D:1      | Reached XP level 2. HP: 23/25 MP: 3/3
   361 | D:2      | Reached skill level 3 in Unarmed Combat
   370 | D:2      | Found a faded altar of an unknown god.
   539 | D:3      | Reached XP level 3. HP: 30/30 MP: 4/4
   589 | D:3      | Found a faded altar of an unknown god.
   592 | D:3      | Found a blossoming altar of Fedhas.
   667 | D:4      | Identified the +6 dagger of the World {heavy, *Slow rElec
                  | rPois SInv}
   675 | D:4      | Identified the +0 robe of Winter {Dex+2}
   682 | D:5      | Entered Level 5 of the Dungeon
   682 | D:5      | Noticed Blork the orc
   724 | D:4      | Reached XP level 4. HP: 38/38 MP: 5/5
   925 | D:5      | Reached skill level 4 in Unarmed Combat
   982 | D:4      | Reached XP level 5. HP: 46/46 MP: 6/6
  1078 | D:5      | Killed Blork the orc
  1079 | D:5      | Reached skill level 5 in Unarmed Combat
  1079 | D:5      | Reached XP level 6. HP: 23/53 MP: 7/7
  1092 | D:5      | HP: 3/82 [orc/+0 club (2)]
  1094 | D:5      | Reached skill level 5 in Fighting
  1097 | D:5      | HP: 3/84 [poisoned by an orc wizard]
  1230 | D:6      | Reached XP level 7. HP: 61/61 MP: 8/8
  1336 | D:7      | Reached skill level 6 in Unarmed Combat
  1409 | D:7      | Noticed a hornet
  1426 | D:7      | Killed a hornet
  1427 | D:7      | Reached skill level 7 in Unarmed Combat
  1427 | D:7      | Reached XP level 8. HP: 8/71 MP: 9/9
  1481 | D:7      | Found a flagged portal.
  1501 | Bailey   | Entered a bailey
  1525 | Bailey   | Noticed an orc warlord
  1584 | Bailey   | Reached skill level 8 in Unarmed Combat
  1624 | Bailey   | Found a runed translucent gate.
  1626 | Bailey   | Found a runed translucent gate.
  1628 | Bailey   | Found a runed translucent gate.
  1735 | Bailey   | Acquired 986 gold pieces
  1790 | D:8      | Gained mutation: You passively map the area around you.
                  | [Meteoran growth]
  1790 | D:8      | Reached XP level 9. HP: 70/81 MP: 10/10
  1823 | D:7      | Reached skill level 9 in Unarmed Combat
  2037 | D:6      | Identified the +0 leather armour of Purpose {Stlth+}
  2226 | D:8      | Reached skill level 10 in Unarmed Combat
  2241 | D:8      | Found a glowing golden altar of the Shining One.
  2330 | D:8      | Slain by a gnoll sergeant

Illustrated notes

Levels and vault maps discovered:
D:1:      evilmike_arrival_plus, layout_loops_ring
D:2:      layout_basic, chequers_ecumenical_altar_island
D:3:      layout_basic, nicolae_overflow_ecumenical_swirl, uniq_jessica,
          uniq_crazy_yiuf_cottage
D:4:      layout_cave_pods
D:5:      layout_cave_pools, uniq_blork_the_orc
D:6:      layout_layer_cave, columned_hall_lemuel, grunt_decor_arrowhead
D:7:      layout_basic, lemuel_temple_firewalk_a, enter_bailey_4
D:8:      layout_loops_cross, nicolae_tso_carved_into_rock,
          gammafunk_temple_overflow_elements

Skill      XL: |  1  2  3  4  5  6  7  8  9 |
---------------+----------------------------+-----
Unarmed Combat | 3 4 5 7 8 10 | 10.4
Fighting       | 3 4 5 6 8 9 |  9.5
Dodging        | |  2.4
Shapeshifting  | |  3.6

Action                     |  1- 3 |  4- 6 |  7- 9 || total
---------------------------+-------+-------+-------++-------
  Melee: Unarmed           |    45 |    61 |   245 ||   351
         Punch             |     1 |     5 |    11 ||    17
    Use: Potion            |       |     2 |     2 ||     4
         Scroll            |       |       |    10 ||    10
 Armour: Leather armour    |     4 |       |       ||     4
         Chain mail        |     4 |    22 |   122 ||   148
         Skin              |       |    40 |       ||    40
  Dodge: Dodged            |    15 |    18 |   109 ||   142

Table legend: (Time is in decaauts)
 A = Elapsed time spent in this place.
 B = Non-inter-level travel time spent in this place.
 C = Inter-level travel time spent in this place.
 D = Time resting spent in this place.
 E = Time spent auto-exploring this place.
 F = Levels seen in this place.
 G = Mean time per level.
                   A        B        C        D        E       F      G
               +--------+--------+--------+--------+--------+-----+--------+
         Total |   2276 |   2257 |     19 |     21 |      0 |   9 |  252.9 |
       Dungeon |   2044 |   2025 |     19 |     21 |      0 |   8 |  255.5 |
        Bailey |    232 |    232 |      0 |      0 |      0 |   1 |  232.0 |
               +--------+--------+--------+--------+--------+-----+--------+

Top non-repeatable levels by time:
     D:6: 427 daAuts
     D:7: 303 daAuts
     D:5: 283 daAuts
     D:1: 280 daAuts
     D:4: 258 daAuts
     D:3: 236 daAuts
  Bailey: 232 daAuts
     D:8: 137 daAuts
     D:2: 117 daAuts
